AoeStats
← 76896859

QS Arena

503649218Analyzed
4v4 RM · 1mo ago on Sep 1, 2026· 31m 41s· 8 players
Game mode
Random Map
Map size
Large (8 player)
Population
200
Speed
Normal
Resources
Standard
Victory
Conquest
Starting age
Dark Age
Ending age
Imperial Age
RankedLock teamsTeams togetherTeam positionsShared explorationLock speedFull tech treeHidden civsTurbo modeCheats
Victory
Defeat
🇨🇳 Britons · China
1031
+12
🇵🇪 Celts · Peru
965
+15
🇩🇪 Spanish · Germany
954
+16
🇹🇷 Burgundians · Türkiye
944
+16
🇺🇸 Inca · United States
1068
-20
🇻🇳 Vietnamese · Vietnam
987
-17
🇱🇺 Inca · Luxembourg
931
-14
🇱🇺 Spanish · Luxembourg
821
-9
1Timoteo2:11
9:55 Feudal Age
13:49 Castle Age
11:36 Double-Bit Axe
11:44 Gold Mining
12:13 Horse Collar
17:02 Bow Saw
18:28 Loom
19:59 Wheelbarrow
19:47 Heavy Plow
20:09 Stone Mining
21:58 Stone Shaft Mining
23:27 Forging
24:57 Gold Shaft Mining
25:05 Man-at-Arms
26:27 Iron Casting
26:28 Scale Mail Armor
26:16 Long Swordsman
27:09 Arson
31:56 Imperial Age
29:51 Chain Mail Armor
31:40 Fletching
ptric90
9:14 Feudal Age
12:44 Castle Age
10:42 Fletching
11:06 Double-Bit Axe
11:09 Horse Collar
15:01 Bodkin Arrow
21:48 Wheelbarrow
29:15 Imperial Age
31:03 Bracer
76896859
10:00 Feudal Age
10:18 Loom
15:15 Castle Age
13:06 Double-Bit Axe
13:10 Horse Collar
15:18 Wheelbarrow
16:31 Heavy Plow
16:44 Bow Saw
17:46 Hand Cart
31:34 Pikeman
eerc
8:29 Feudal Age
7:45 Double-Bit Axe
13:01 Castle Age
19:08 Husbandry
20:18 Scale Barding Armor
21:24 Wheelbarrow
20:25 Cavalier
20:58 Horse Collar
22:41 Heavy Plow
25:29 Chain Barding Armor
25:43 Light Cavalry
26:46 Hand Cart
26:16 Loom
27:52 Gold Mining
27:52 Stone Mining
28:17 Bow Saw
28:39 Crop Rotation
30:03 Two-Man Saw
33:18 Imperial Age
31:16 Ballistics
32:29 Forging
lil_luzツ
9:08 Feudal Age
10:09 Double-Bit Axe
10:06 Horse Collar
17:42 Castle Age
16:44 Fletching
16:55 Padded Archer Armor
17:27 Champi Runner
19:09 Elite Skirmisher
26:46 Bodkin Arrow
30:09 Bow Saw
Masport
0:26 Loom
10:44 Feudal Age
12:00 Wheelbarrow
11:14 Double-Bit Axe
11:12 Horse Collar
16:31 Castle Age
15:01 Loom
17:52 Hand Cart
17:51 Bow Saw
18:51 Pikeman
19:55 Squires
22:28 Elite Skirmisher
24:39 Stone Mining
28:07 Forging
27:48 Fletching
27:59 Padded Archer Armor
31:08 Gold Mining
bvinh6112
7:58 Feudal Age
12:44 Castle Age
10:56 Double-Bit Axe
14:08 Bow Saw
15:56 Scale Mail Armor
19:15 Champi Runner
22:43 Wheelbarrow
21:57 Loom
22:36 Forging
22:28 Champi Warrior
23:43 Chain Mail Armor
24:03 Iron Casting
30:26 Imperial Age
28:25 Horse Collar
QUANTW7175
1:06 Loom
8:28 Feudal Age
9:45 Wheelbarrow
9:56 Town Watch
11:03 Double-Bit Axe
13:01 Padded Archer Armor
12:53 Fletching
16:35 Gold Mining
16:39 Horse Collar
28:41 Castle Age
29:49 Crossbowman
29:51 Elite Skirmisher
30:37 Thumb Ring
31:06 Leather Archer Armor
30:48 Bodkin Arrow
31:14 Hand Cart
Connection lost

Rejoining the realm…

Still unreachable

The connection could not be restored.

Session expired

The server has moved on; the page needs a fresh start.